amy, neutral female human Ranger ----------------------- ----- |..)[.......|.........| |.d@| |.-----.*.-.|.|.---.-.-----.|@| |...|...|...|.|.|...|..)..).|M% |--.|.-----.|.|.|.---.-..I--|.- |.[.|.....|.....|.|.........| |.|.-----.|--.--|.|.......-.--- ----------- |.|...|...|[....|.|..(......... |.+.......| |.|--.|.|.|...*.|.|.---....+..- ----|^*.%.....| |)|...| |.|..{..|.|...|.......| |..^-....<....| |.|.|.| |.|.....|--.|.|...---.--- |.--|.+..%....| |...|.| |.|*....|...| .........| |...|.....^***| ------- |.---.- |.|.| -----.| |--.|---------- |...... |.| |...| |...| |.|.----- |.|.- ---.|.|.-.--- |.|...|.. |...| |...|.....| ---.|.|.---.--- |...-----.| ..|.......| |.........| ----------- ----------- amy the Trailblazer Experience level: 8 Strength: 15 Dexterity: 13 Constitution: 17 Intelligence: 13 Wisdom: 13 Charisma: 7 Health: 0(62) Energy: 45(45) Def: 12 Gold: 516 Moves: 4220 Dungeon seed: BaBn_AmADwE2ZfXJ Game ID: amy_1466670567 Your Inventory: Coins $ - 516 gold pieces Weapons a - an uncursed +1 dagger b - an uncursed +2 bow (weapon in hand) c - 55 uncursed +2 arrows d - 10 uncursed +0 arrows h - 45 uncursed +0 arrows (in quiver) P - 11 blessed +0 arrows Q - 4 blessed poisoned +1 orcish arrows R - 12 uncursed poisoned +0 orcish arrows Y - 6 blessed +5 arrows Armor e - an uncursed +2 cloak of displacement (being worn) n - an uncursed +0 elven mithril-coat (being worn) z - an uncursed +0 pair of iron shoes (being worn) N - an uncursed +0 dwarvish iron helm (being worn) Comestibles i - 3 uncursed food rations l - an uncursed egg m - an uncursed fortune cookie X - an uncursed tin of chickatrice meat Scrolls p - an uncursed scroll of scare monster named ok y - an uncursed scroll of teleportation J - 2 uncursed scrolls of create monster U - an uncursed scroll of enchant armor W - a cursed scroll of teleportation Rings O - an uncursed ring of invisibility V - an uncursed +2 ring of increase damage Wands g - an uncursed wand of slow monster (0:2) u - an uncursed wand of opening (0:4) A - an uncursed wand of digging (0:4) E - an uncursed wand of striking (0:6) S - an uncursed wand of digging (0:7) Tools k - an uncursed skeleton key q - a cursed magic lamp named cursed (lit) r - an uncursed bag of holding B - an uncursed +0 pick-axe C - an uncursed tallow candle (0:200) F - an uncursed +0 unicorn horn L - an uncursed towel Contents of the bag of holding: 2 blessed scrolls of blank paper 2 uncursed scrolls of blank paper a cursed scroll of enchant weapon an uncursed scroll of light an uncursed scroll of magic mapping 2 uncursed scrolls of scare monster an uncursed scroll of teleportation an uncursed scroll of water a blessed potion of booze an uncursed potion of confusion a blessed potion of extra healing a cursed potion of extra healing 2 uncursed potions of fruit juice an uncursed potion of gain ability a blessed potion of object detection an uncursed potion of paralysis an uncursed potion of restore ability an uncursed potion of water Spells and supernatural/magical abilities: Name Level Category Fail Memory W - pray for help -- divine ? -- Your skills at the end: Miscellaneous Skills wands [Basic] Weapon Skills dagger [Basic] bow [Expert] Spellcasting Skills Final Attributes: You were devoutly aligned. You were poison resistant. You had automatic searching. You were displaced. You were stealthy. You are dead. Vanquished creatures: a vampire a long worm a small mimic an ettin mummy a shocking sphere a gelatinous cube 3 orc mummies a dog a dingo a housecat a dwarf lord a white unicorn a raven a bugbear 5 Uruk-hai a rock piercer a fog cloud 11 gnome lords a gnomish wizard a kobold mummy a gray ooze 6 elf zombies a paper golem a floating eye 16 dwarves a kobold lord 3 rothes a giant bat an orc zombie 3 dwarf zombies a werejackal a killer bee a coyote 3 gas spores 3 hobbits 3 geckos 3 giant rats a brown mold 2 red molds 50 gnomes 3 garter snakes 3 gnome zombies 10 jackals 4 newts 2 goblins 4 grid bugs 6 lichens 5 kobold zombies 175 creatures vanquished. Voluntary challenges: You had been an atheist until turn 2393. You used a wielded weapon 41 times, starting on turn 150. You did not apply a unicorn horn. You read items or engraved 5 times, starting on turn 561. You never genocided any monsters. You never polymorphed an object. You never changed form. You used no wishes. You never split a pudding. You wrote Elbereth's name 2 times, starting on turn 561. You violated your moral code, losing 1 point of alignment, starting on turn 4218. Dungeon overview: The Dungeons of Doom: levels 1 to 4 Level 1 a long staircase Level 2 a hardware shop, a fountain Level 3 a general store Level 4 some fountains, a sink stairs to The Gnomish Mines The Gnomish Mines: levels 5 to 12 Level 5 stairs to The Dungeons of Doom Level 6 Level 7 Level 8 some shops, a temple to Mercury, a magic chest, some fountains, some trees Level 9 Level 10 Level 11 Level 12 <- You were here a fountain History has recorded: On T:1 you entered the Dungeons of Doom to retrieve the Amulet of Yendor! On T:211 you reached level 2 of The Dungeons of Doom. On T:557 you reached level 3 of The Dungeons of Doom. On T:722 you advanced to experience level 2. On T:1038 you reached level 4 of The Dungeons of Doom. On T:1239 you advanced to experience level 3. On T:1250 you reached level 1 of The Gnomish Mines. On T:1338 you advanced to experience level 4. On T:1447 you advanced to experience level 5. On T:1632 you reached level 2 of The Gnomish Mines. On T:1707 you reached level 3 of The Gnomish Mines. On T:1813 you advanced to experience level 6. On T:1860 you reached level 4 of The Gnomish Mines. On T:2378 you entered the Minetown temple On T:2382 you advanced to experience level 7. On T:2400 you opened a magic chest. On T:2401 you opened a magic chest. On T:2402 you opened a magic chest. On T:2471 you reached level 5 of The Gnomish Mines. On T:2580 you opened a magic chest. On T:2720 you reached level 6 of The Gnomish Mines. On T:3422 you reached level 7 of The Gnomish Mines. On T:3713 you reached level 8 of The Gnomish Mines. On T:3713 you reached the bottom of the Mines. On T:3919 you advanced to experience level 8. Score breakdown: Gold: 516 ( 51 points) Experience: 8 levels ( 700 points) Exploration: 12 levels ( 330 points) Discoveries: 12 items ( 600 points) Variety of kills: 48 monsters ( 2000 points) Major goal: reached Mine's End ( 1000 points) Survival: died (score multiplied by 3) Total score: 14043 Latest messages: You shoot 3 arrows. The 1st arrow hits the kobold mummy! The 2nd arrow hits the kobold mummy! The 3rd arrow hits something! You destroy the kobold mummy! You see here an uncursed arrow. You have a little trouble lifting h - an uncursed arrow (in quiver). The Woodland-elf picks up 7 uncursed arrows. Wait! There's something there you can't see! The Woodland-elf reads a scroll labeled VELOX NEB! You feel like someone is helping the Woodland-elf. (You can name a scroll labeled VELOX NEB from the item naming menu.) You hesitate for a moment, bothered by your conscience. Something hisses! You kill the garter snake! The Woodland-elf picks up 4 uncursed arrows. You shoot 2 arrows. The 1st arrow hits the Woodland-elf! The 2nd arrow hits the Woodland-elf! The Woodland-elf thrusts her runed dagger. The Woodland-elf stabs you! @Ì@ moves only reluctantly. The Woodland-elf thrusts her runed dagger. The Woodland-elf stabs you! You die... Final status: Goodbye amy the Ranger, killed by a Woodland-elf... You died in The Gnomish Mines on dungeon level 12 with 14043 points, and 516 pieces of gold, after 4220 moves. You were level 8 with a maximum of 62 hit points when you died.